 Dungeon Crawl Stone Soup version 0.30-a0-377-g5cb311bc9f (console) character file.

Game seed: 15537331314856737531

970 rlgrobin the Cutter (level 7, -13/40 HPs)
             Began as a Deep Elf Chaos Knight on Nov 29, 2022.
             Was a Plaything of Xom.
             Killed from afar by an orc (24 damage)
             ... with a bolt of light
             ... on level 5 of the Dungeon.
             The game lasted 00:12:30 (4558 turns).

rlgrobin the Cutter (Deep Elf Chaos Knight)         Turns: 4558, Time: 00:12:31

Health: -13/40     AC:  5    Str:  8    XL:     7   Next: 94%
Magic:  14/14      EV: 14    Int: 21    God:    Xom [..*...]
Gold:   379        SH:  0    Dex: 15    Spells: 12/13 levels left

rFire   . . .      SeeInvis +    a - +0 short sword (chaos)
rCold   . . .      Faith    .    (no shield)
rNeg    . . .      Spirit   .    b - +2 leather armour
rPois   .          Reflect  .    (helmet currently unavailable)
rElec   .          Harm     .    (no cloak)
rCorr   .          Rampage  .    (no gloves)
Will    .....                    (boots currently unavailable)
Stlth   +++.......               (no amulet)
HPRegen 0.26/turn                o - ring of see invisible
MPRegen 0.14/turn                s - ring of flight

@: appendages, flying
A: talons 2, beak, hooves 1, clever 1
a: End Transformation, Renounce Religion


You were on level 5 of the Dungeon.
You worshipped Xom.
You were a toy of Xom.
You had temporarily grown beastly talons.
You visited 2 branches of the dungeon, and saw 6 of its levels.

You collected 379 gold pieces.

Inventory:

Hand Weapons
 a - a +0 short sword of chaos (weapon)
Missiles
 n - 5 atropa-tipped darts
 z - 3 poisoned darts (quivered)
Armour
 b - a +2 leather armour (worn)
 d - a +0 pair of boots (melded)
 y - a +0 hat (melded)
Jewellery
 o - a ring of see invisible (left hand)
 s - a ring of flight (right hand)
Wands
 r - a wand of mindburst (13)
Scrolls
 f - 4 scrolls of teleportation {unknown}
 h - a scroll of magic mapping {unknown}
 i - 2 scrolls of immolation {unknown}
 k - a scroll of blinking {unknown}
 p - a scroll of butterflies {unknown}
 u - a scroll of enchant weapon {unknown}
 w - a scroll of enchant armour {unknown}
 B - 3 scrolls of poison {unknown}
Potions
 e - 5 potions of curing
 g - 3 potions of flight
 j - a potion of haste
 l - 3 potions of attraction
 m - 3 potions of lignification
 q - a potion of might
 t - a potion of magic {unknown}
 v - 2 potions of ambrosia {unknown}
 x - a potion of degeneration {unknown}
 A - 2 potions of invisibility
Miscellaneous
 c - a piece from Xom's chessboard (15/15)


   Skills:
 - Level 2.4 Fighting
 - Level 6.1 Short Blades
 - Level 0.7 Armour
 + Level 5.7 Dodging
 - Level 5.1 Stealth
 + Level 3.5 Spellcasting
 + Level 2.9 Transmutations


You had 12 spell levels left.
You knew the following spells:

 Your Spells              Type           Power      Damage    Failure   Level
a - Beastly Appendage     Tmut           32%        N/A       5%          1

Your spell library contained the following spells:

 Spells                   Type           Power      Damage    Failure   Level
 Wereblood                Tmut           16%        N/A       8%          2
 Spider Form              Tmut/Pois      9%         N/A       28%         3
 Vhi's Electric Charge    Tloc/Air       6%         N/A       47%         3
 Arcjolt                  Conj/Air       1%         1d11      99%         5
 Maxwell's Capacitive Co  Air            1%         ∞         100%        8


Dungeon Overview and Level Annotations

Branches:
Dungeon (5/15)             Temple (1/1) D:4

Altars:
Ashenzari
Dithmenos
Elyvilon
Gozag
Hepliaklqana
Kikubaaqudgha
Makhleb
Nemelex Xobeh
Okawaru
Qazlal
Uskayaw
Vehumet
Yredelemnul
The Shining One

Annotations:
D:5 exclusions: phantom and water moccasin


Innate Abilities, Weirdness & Mutations

You have temporarily grown beastly talons.
You have a beak for a mouth.
You have large cloven feet.
Your mind is acute. (Int +4, Str/Dex -1)


Message History

The orc wizard is lightly wounded.
You hear a shout! x2
The orc wizard hits you with a +0 dagger.
You hit the orc wizard but do no damage.
The orc wizard flickers and vanishes for a moment.
Your kick misses the orc wizard. Your peck misses the orc wizard.
The orc wizard is lightly wounded.
You hit the orc wizard but do no damage.
Lightning courses through the orc wizard!
Your kick misses the orc wizard.
The orc wizard is severely wounded.
The orc wizard casts a spell at you. The magic dart hits you.
You hit the orc wizard but do no damage.
You claw the orc wizard. Your peck misses the orc wizard.
The orc wizard is almost dead.
The orc wizard closely misses you.
The orc zaps a wand.
The bolt of light hits the orc wizard!
The orc wizard dies!
The bolt of light misses you.
An orc priest comes into view. It is wielding a +0 war axe.
The orc priest shouts!
The orc hits you with a +0 club.
The orc priest invokes the aid of Beogh against you.
Beogh smites you!
* * * LOW HITPOINT WARNING * * *
Things that are here:
a +0 dagger; a +0 robe; an amulet of reflection You barely miss the orc.
You hit the orc.
The orc suddenly seems more agile.
Xom thinks this is hilarious!
You claw the orc, but do no damage.
The orc is heavily wounded.
The orc barely misses you. The orc hits you with a +0 flail!
* * * LOW HITPOINT WARNING * * *
You feel better. The orc closely misses you.
The orc zaps a wand.
The bolt of light hits you!!
Ouch! That really hurt!
You die...
Xom giggles madly!

##.###.##.#..####>....#
##.......
......................#
#.######
.#(#.#.##.....##......# ##.#
.#....)...>...##.#....###..#
.#.....)........###...##...#
.....#.###...###.#.##...##.#
##..##.##.#.#o##...###.###.#
....##.........oo......#
#.######
###.#####.#.#.##@#######
#....... ###.#
##...###.############..#.
#.#.# #...#
#..........[...### .#..#
##.## ##############..#.
###.# #.# ##...
<#.########.# ##..
#........##.# ##...
########.##># ##### ##....
#####.##.## #...######.....


You could see an orc priest and 2 orcs.

Vanquished Creatures
  Sigmund (D:2)
  An ice beast (D:5)
  An ogre (D:5)
  A gnoll sergeant (D:5)
  3 scorpions
  3 hounds (D:4)
  Natasha (thrice) (D:2)
  An orc wizard (D:4)
  8 gnolls
  2 adders
  2 worms
  3 dart slugs
  4 orcs (D:4)
  4 bats
  7 endoplasms
  4 giant cockroaches
  5 goblins
  3 hobgoblins
  8 kobolds
  3 quokkas
  7 ball pythons
  3 frilled lizards
  6 rats
83 creatures vanquished.

Vanquished Creatures (others)
  A hound (D:4)
  An orc wizard (D:5)
  A gnoll (D:5)
3 creatures vanquished.

Grand Total: 86 creatures vanquished

Notes
Turn   | Place    | Note
-------+----------+-------------------------------------------
     0 | D:1      | rlgrobin the Deep Elf Chaos Knight began the quest for the
                  | Orb.
     0 | D:1      | Reached XP level 1. HP: 13/13 MP: 3/3
     8 | D:1      | Reached skill level 1 in Stealth
   115 | D:1      | Reached XP level 2. HP: 14/18 MP: 4/4
   737 | D:2      | Noticed Natasha
   771 | D:2      | Killed Natasha
   772 | D:2      | Reached XP level 3. HP: 22/22 MP: 5/5
   792 | D:2      | Found a faded altar of an unknown god.
   892 | D:2      | Noticed Natasha
   904 | D:2      | Killed Natasha
   905 | D:2      | Reached skill level 5 in Stealth
   905 | D:2      | Reached XP level 4. HP: 25/27 MP: 6/6
  1146 | D:2      | Noticed Natasha
  1156 | D:2      | Killed Natasha
  1221 | D:2      | Noticed Sigmund
  1245 | D:2      | XOM: potion effect (invisibility)
  1254 | D:2      | XOM: cleaving
  1260 | D:2      | Killed Sigmund
  1261 | D:2      | Reached skill level 5 in Short Blades
  1261 | D:2      | Reached XP level 5. HP: 19/31 MP: 7/7
  1261 | D:2      | Reached XP level 6. HP: 23/36 MP: 8/8
  1664 | D:3      | XOM: god gift: 5 atropa-tipped darts
  1916 | D:3      | XOM: torment (19/36 hp)
  2131 | D:3      | XOM: enchant monster (good)
  2137 | D:3      | XOM: god gift: 48 gold pieces
  2458 | D:4      | XOM: divination: detect items
  2465 | D:4      | Reached skill level 6 in Short Blades
  2619 | D:4      | XOM: enchant monster (good)
  2885 | D:4      | Reached XP level 7. HP: 15/40 MP: 9/9
  2963 | D:4      | Found a staircase to the Ecumenical Temple.
  2963 | D:4      | XOM: 4-stop teleportation journey
  2969 | Temple   | Entered the Ecumenical Temple
  3684 | D:5      | Entered Level 5 of the Dungeon
  3714 | D:5      | XOM: give mutation
  3714 | D:5      | Gained mutation: You have large cloven feet. [Xom's grace]
  3765 | D:5      | Learned a level 1 spell: Beastly Appendage
  3774 | D:5      | XOM: fog
  3782 | D:5      | XOM: cast spell 'Statue Form'
  3789 | D:5      | Reached skill level 1 in Spellcasting
  3789 | D:5      | Reached skill level 1 in Transmutations
  3880 | D:5      | XOM: give mutations
  3880 | D:5      | Gained mutation: You have a beak for a mouth. [Xom's grace]
  3880 | D:5      | Gained mutation: Your mind is acute. (Int +4, Str/Dex -1)
                  | [Xom's grace]
  3890 | D:5      | Reached skill level 5 in Dodging
  4279 | D:5      | XOM: god gift: scroll labelled WEDIREWABA {god gift}
  4328 | D:5      | XOM: scenery: summon butterflies
  4387 | D:5      | XOM: potion effect (invisibility)
  4558 | D:5      | Killed from afar by an orc

Illustrated notes

Levels and vault maps discovered:
D:1:      wander_arrival_fairy_ring, layout_loops_ring
D:2:      layout_basic, shapermc_ecumenical_altar_pompeii,
          chequers_serial_rivers_small_a, minmay_indecisive_spiral,
          uniq_sigmund, uniq_natasha
D:3:      layout_rooms
D:4:      layout_basic, temple_green
D:5:      layout_loops_ring
Temple:   nicolae_temple_two_arcs

Skill      XL: |  1  2  3  4  5  6  7 |
---------------+----------------------+-----
Stealth        | 2 4 5 |  5.1
Short Blades   | 5 6 |  6.1
Dodging        | 4 5 |  5.7
Spellcasting   | 3 |  3.5
Transmutations | 2 |  2.9
Fighting       | |  2.4
Armour         | |  0.7

Action                   |  1- 3 |  4- 6 |  7- 9 || total
-------------------------+-------+-------+-------++-------
Melee: Short sword       |    74 |   164 |    67 ||   305
       Punch             |     2 |       |     2 ||     4
       Kick              |       |       |    12 ||    12
       Peck              |       |       |     1 ||     1
Throw: Dart              |       |       |     2 ||     2
 Cast: Beastly Appendage |       |       |     4 ||     4
Evoke: Piece from Xom's  |       |     4 |       ||     4
       Wand              |       |     1 |     4 ||     5
  Use: Scroll            |       |       |     8 ||     8
       Potion            |       |       |     4 ||     4
 Stab: Sleeping          |     7 |     6 |     3 ||    16
       Invisible         |       |     1 |     2 ||     3
       Confused          |       |     1 |       ||     1
       Paralysed         |       |     1 |       ||     1
Armor: Leather armour    |    35 |    27 |     5 ||    67
Dodge: Dodged            |    58 |    82 |    32 ||   172

Table legend: (Time is in decaauts)
 A = Elapsed time spent in this place.
 B = Non-inter-level travel time spent in this place.
 C = Inter-level travel time spent in this place.
 D = Time resting spent in this place.
 E = Time spent auto-exploring this place.
 F = Levels seen in this place.
 G = Mean time per level.
                   A        B        C        D        E       F      G
               +--------+--------+--------+--------+--------+-----+--------+
         Total |   4508 |   4444 |     64 |    529 |   2832 |   6 |  751.3 |
       Dungeon |   4389 |   4335 |     54 |    511 |   2754 |   5 |  877.8 |
        Temple |    118 |    108 |     10 |     18 |     78 |   1 |  118.0 |
               +--------+--------+--------+--------+--------+-----+--------+

Top non-repeatable levels by time:
     D:4: 1081 daAuts
     D:2: 1066 daAuts
     D:5: 883 daAuts
     D:3: 778 daAuts
     D:1: 580 daAuts
  Temple: 118 daAuts
